 Dungeon Crawl Stone Soup version 0.22.1-1-ga44c0e5 (webtiles) character file.

84 Starchild the Poker (level 4, -9/33 HPs)
             Began as a Merfolk Skald on Sept 25, 2018.
             Killed from afar by an orc wizard (10 damage)
             ... with a puff of flame
             ... on level 3 of the Dungeon.
             The game lasted 00:06:45 (1931 turns).

Starchild the Poker (Merfolk Skald)                 Turns: 1931, Time: 00:06:45

Health: -9/33      AC:  4    Str: 12    XL:     4   Next: 45%
Magic:  7/7        EV: 12    Int: 12    God:
Gold:   131        SH:  0    Dex: 13    Spells: 2/7 levels left

rFire    . . .     SeeInvis .   a - +0 spear
rCold    . . .     Gourm    .   (no shield)
rNeg     . . .     Faith    .   b - +0 leather armour
rPois    .         Spirit   .   (no helmet)
rElec    .         Reflect  .   (no cloak)
rCorr    .         Harm     .   (no gloves)
MR       .....                  o - +0 pair of boots
Stlth    +.........             (no amulet)
HPRegen  0.11/turn              (no ring)
MPRegen  0.10/turn              (no ring)

@: confused
A: change form in water, swift swim, stealthy swim
a: no special abilities


You were on level 3 of the Dungeon.
You were not hungry.

You visited 1 branch of the dungeon, and saw 3 of its levels.

You collected 131 gold pieces.

Inventory:

Hand Weapons
 a - a +0 spear (weapon)
Missiles
 e - 71 stones (quivered)
Armour
 b - a +0 leather armour (worn)
 o - a +0 pair of boots (worn)
Wands
 p - a wand of paralysis (14)
Scrolls
 c - a scroll of enchant weapon {unknown}
 f - a scroll of fog {unknown}
 g - a scroll of random uselessness {unknown}
 j - a scroll of remove curse {unknown}
 m - a scroll of fear {unknown}
 n - 2 scrolls of identify {unknown}
Potions
 h - 2 potions of heal wounds {unknown}
 i - a potion of might {unknown}
 k - a potion of agility {unknown}
 l - a potion of degeneration {unknown}
Comestibles
 d - 5 rations


   Skills:
 - Level 2.1 Fighting
 + Level 5.3 Polearms
 - Level 0.6 Armour
 - Level 2.6 Dodging
 - Level 2.0 Spellcasting
 * Level 4.4 Charms


You had 2 spell levels left.
You knew the following spells:

 Your Spells              Type           Power        Failure   Level  Hunger
a - Infusion              Chrm           ##..         5%          1    ##.....
b - Song of Slaying       Chrm           ##......     9%          2    ###....
c - Shroud of Golubria    Chrm/Tloc      #.........   22%         2    ###....

Your spell library contained the following spells:

 Spells                   Type           Power        Failure   Level  Hunger
 Regeneration             Chrm/Necr      #.........   38%         3    ####...
 Spectral Weapon          Hex/Chrm       #.......     38%         3    ####...


Dungeon Overview and Level Annotations

Branches:
Dungeon (3/15)

Altars:

Annotations:
D:2 Sigmund


Message History

You are too injured to fight recklessly!
You are too injured to fight recklessly!
You are too injured to fight recklessly!
You are too injured to fight recklessly!
You are too injured to fight recklessly!
You are too injured to fight recklessly!
You hit something. Something hits you.
You miss something.
You hear some strange, mumbled words.
You are confused.
You bump into the rock wall.
You hear some strange, mumbled words.
A puff of flame appears from out of thin air!
The puff of flame hits you!
* * * LOW HITPOINT WARNING * * *
You bump into the rock wall.
You hear some strange, mumbled words.
A puff of flame appears from out of thin air!
The puff of flame hits you!
You die...

######## #......#
#######+####.#
...........#)########
...................>#
...........#.######.#####
...............@........#
...........#.######.###.#
...........#.# #......#.#
#....#.#.##.# #)##.#.#.#
#... #.#.##.# #.##.#.#.#
#.. #.#o##.# #.##.#.#.#
#.#.##.###.##.#.#.#
#........##........#.#.#
#........######.####.#.#


There were no monsters in sight!

Vanquished Creatures
  An orc priest (D:3)
  An adder (D:2)
  4 dart slugs
  2 orcs (D:3)
  A giant cockroach (D:2)
  3 goblins
  4 hobgoblins
  7 bats
  A frilled lizard (D:2)
  7 kobolds
  8 rats
39 creatures vanquished.

Notes
Turn   | Place    | Note
-------+----------+-------------------------------------------
     0 | D:1      | Starchild the Merfolk Skald began the quest for the Orb.
     0 | D:1      | Reached XP level 1. HP: 16/16 MP: 3/3
   205 | D:1      | Reached XP level 2. HP: 19/22 MP: 5/5
   811 | D:1      | Learned a level 2 spell: Song of Slaying
   814 | D:1      | Learned a level 2 spell: Shroud of Golubria
   939 | D:1      | Reached XP level 3. HP: 22/27 MP: 6/6
  1010 | D:1      | Reached skill level 4 in Polearms
  1535 | D:2      | Noticed Sigmund
  1812 | D:3      | Reached skill level 5 in Polearms
  1812 | D:3      | Reached XP level 4. HP: 20/33 MP: 0/7
  1930 | D:3      | HP: 1/33 [something/puff of flame (9)]
  1931 | D:3      | Killed from afar by an orc wizard

Skill      XL: |  1  2  3 |
---------------+----------+-----
Charms         | 4 |  4.4
Polearms       | 5 |  5.3
Fighting       | |  2.1
Armour         | |  0.6
Dodging        | |  2.6
Spellcasting   | |  2.0

Action                   |  1- 3 |  4- 6 || total
-------------------------+-------+-------++-------
Melee: Spear             |   147 |    22 ||   169
Throw: Stone             |     2 |     1 ||     3
 Cast: Infusion          |     2 |       ||     2
       Song of Slaying   |     1 |       ||     1
 Stab: Sleeping          |     1 |       ||     1
  Eat: Chunk             |     3 |       ||     3
Armor: Leather armour    |    39 |     2 ||    41
Dodge: Dodged            |    85 |     2 ||    87
